 Dungeon Crawl Stone Soup version 0.19.0-2-gae57169 (webtiles) character file.

289 lorenzova the Conjurer (level 6, 0/32 HPs)
             Began as a Deep Elf Conjurer on Nov 6, 2016.
             Was an Initiate of Vehumet.
             Killed from afar by an orc wizard (8 damage)
             ... with a magic dart
             ... on level 3 of the Dungeon.
             The game lasted 00:06:21 (3627 turns).

lorenzova the Conjurer (Deep Elf Conjurer)          Turns: 3627, Time: 00:06:23

Health: 0/32       AC:  3    Str:  5    XL:     6   Next: 9%
Magic:  0/17       EV: 13    Int: 22    God:    Vehumet [......]
Gold:   156        SH:  0    Dex: 15    Spells: 2 memorised, 12 levels left

rFire  . . .     SeeInvis .     j - -3 dagger (curse)
rCold  . . .     Gourm    .     a - +0 robe
rNeg   . . .     Faith    .     (no shield)
rPois  .         Spirit   .     (no helmet)
rElec  .         Reflect  .     (no cloak)
rCorr  .         Harm     .     v - +0 pair of gloves
MR     .....                    (no boots)
Stlth  ++........               (no amulet)
                                (no ring)
                                (no ring)

@: no status effects
A: no striking features
a: Renounce Religion


You were on level 3 of the Dungeon.
You worshipped Vehumet.
Vehumet was noncommittal.
You were very hungry.

You visited 1 branch of the dungeon, and saw 3 of its levels.

You collected 156 gold pieces.

Inventory:

Hand Weapons
 j - a cursed -3 dagger (weapon)
Armour
 a - a +0 robe (worn)
 v - a +0 pair of gloves (worn)
Jewellery
 s - an uncursed amulet of harm {unknown}
 x - an uncursed ring of protection from fire {unknown}
Wands
 l - a wand of flame (10/48)
Scrolls
 d - 6 scrolls of identify {unknown}
 e - 2 scrolls of teleportation {unknown}
 g - a scroll of fear {unknown}
 h - a scroll of fog {unknown}
 o - 2 scrolls of remove curse {unknown}
 p - a scroll of enchant armour {unknown}
 w - a scroll of recharging {unknown}
Potions
 f - a potion of degeneration {unknown}
 i - a potion of might {unknown}
 k - 2 potions of heal wounds {unknown}
 n - a potion of mutation {unknown}
 q - a potion of ambrosia {unknown}
 r - a potion of curing {unknown}
 t - a potion of invisibility {unknown}
 u - a potion of lignification {unknown}
Books
 b - a book of Conjurations

   Spells                             Type                      Level
   a - Magic Dart                     Conjuration                  1
   b - Searing Ray                    Conjuration                  2
   c - Dazzling Spray                 Conjuration/Hexes            3
   d - Fulminant Prism                Conjuration/Hexes            4
   e - Iskenderun's Mystic Blast      Conjuration                  4
   f - Iskenderun's Battlesphere      Conjuration/Charms           5
 m - a book of Changes

   Spells                             Type                      Level
   a - Beastly Appendage              Transmutation                1
   b - Sticks to Snakes               Transmutation                2
   c - Spider Form                    Transmutation/Poison         3
   d - Ice Form                       Ice/Transmutation            4
   e - Blade Hands                    Transmutation                5
Comestibles
 c - 2 bread rations
 A - 3 fruits


   Skills:
 - Level 2.4 Dodging
 - Level 2.4 Stealth
 + Level 6.3 Spellcasting
 + Level 6.6 Conjurations


You had 12 spell levels left.
You knew the following spells:

 Your Spells              Type           Power        Failure   Level  Hunger
a - Magic Dart            Conj           ####         1%          1    None
c - Iskenderun's Mystic   Conj           #####...     8%          4    ###....


Dungeon Overview and Level Annotations

Branches:
Dungeon (3/15)

Altars:
Ashenzari
Cheibriados
Dithmenos
Fedhas
Makhleb
Okawaru
Ru
Sif Muna
Trog
Vehumet

Annotations:
D:2 Sigmund


Message History

Aim: an orc wizard, wielding a dagger and wearing a robe (fast)
The magic dart hits the orc wizard.
The orc wizard is heavily wounded.
The orc wizard hits you with a dagger. The orc wizard misses you.
Casting: Magic Dart
Confirm with . or Enter, or press ? or * to list all spells.
Aiming: Magic Dart
Press: ? - help, Shift-Dir - straight line, f/p - orc wizard
Aim: an orc wizard, wielding a dagger and wearing a robe (heavily wounded, fast)
The magic dart hits the orc wizard.
The orc wizard is almost dead.
The orc wizard hits you with a dagger.
You closely miss the orc wizard.
The orc wizard is almost dead.
The orc wizard gestures at you while chanting.
The puff of flame hits you!
* * * LOW HITPOINT WARNING * * *
The orc wizard gestures at you while chanting.
The magic dart hits you!
You die...

#......# #......#
#......# #......#
########).....#####
#....o.'..........)
##.#####.....[....#
#o# #####......#
#@# #......# #.#
#......# #.#
#......# #)#
######## #.#
#.################
#.................
##################
#...........


You could see an orc wizard.

Vanquished Creatures
  An orc priest (D:3)
  An orc wizard (D:3)
  Jessica (D:2)
  Terence (D:2)
  A worker ant (D:3)
  5 adders
  5 worms
  6 dart slugs
  5 leopard geckos
  6 orcs (D:3)
  4 bats
  2 giant cockroaches
  4 hobgoblins
  4 jackals (D:3)
  3 quokkas (D:3)
  A ball python (D:3)
  5 frilled lizards
  12 goblins
  8 kobolds
  2 rats (D:3)
77 creatures vanquished.

Notes
Turn   | Place    | Note
-------+----------+-------------------------------------------
     0 | D:1      | lorenzova the Deep Elf Conjurer began the quest for the Orb.
     0 | D:1      | Reached XP level 1. HP: 10/10 MP: 6/6
   163 | D:1      | Reached XP level 2. HP: 15/15 MP: 5/8
   667 | D:1      | Reached skill level 5 in Conjurations
   667 | D:1      | Reached XP level 3. HP: 17/19 MP: 4/10
  1376 | D:2      | Noticed Sigmund
  1474 | D:3      | Found a snail-covered altar of Cheibriados.
  1914 | D:3      | Reached XP level 4. HP: 24/24 MP: 10/12
  1920 | D:3      | Reached skill level 5 in Spellcasting
  2132 | D:3      | Learned a level 4 spell: Iskenderun's Mystic Blast
  2255 | D:3      | Found a sacrificial altar of Ru.
  2257 | D:3      | Found a deep blue altar of Sif Muna.
  2260 | D:3      | Found a shattered altar of Ashenzari.
  2260 | D:3      | Found an iron altar of Okawaru.
  2260 | D:3      | Found a burning altar of Makhleb.
  2260 | D:3      | Found a blossoming altar of Fedhas.
  2261 | D:3      | Found a radiant altar of Vehumet.
  2287 | D:3      | Became a worshipper of Vehumet
  2325 | D:3      | Reached XP level 5. HP: 28/28 MP: 10/14
  2360 | D:3      | Found a shadowy altar of Dithmenos.
  2806 | D:2      | Noticed Terence
  2811 | D:2      | Killed Terence
  3029 | D:2      | Found a bloodstained altar of Trog.
  3146 | D:2      | Noticed Jessica
  3150 | D:2      | Killed Jessica
  3619 | D:3      | Reached XP level 6. HP: 27/32 MP: 3/17
  3627 | D:3      | Killed from afar by an orc wizard

Skill      XL: |  1  2  3  4  5 |
---------------+----------------+-----
Spellcasting   | 4 5 6 |  6.3
Conjurations   | 5 6 |  6.6
Dodging        | |  2.4
Stealth        | |  2.4

Action                   |  1- 3 |  4- 6 || total
-------------------------+-------+-------++-------
Melee: Dagger            |     2 |    12 ||    14
 Cast: Magic Dart        |    88 |   118 ||   206
       Iskenderun's Myst |       |     2 ||     2
  Eat: Chunk             |     2 |     5 ||     7
Armor: Robe              |       |     4 ||     4
Dodge: Dodged            |     8 |    15 ||    23
